[ AOE2 MATCH · #505714352 ]
UnrankedBulgarians vs Wu
Player's team · LOSS
Rival team · WIN
[ REPLAY ANALYSIS · EXTRACTED FROM THE RECORDED GAME ]
Feudal
9:39
Castle
26:43
Imperial
—
| APM avg | 61.1 |
| APM peak | 113 |
| eAPM avg | 29.4 |
| Villagers / military | 152 / 53 |
Focus
⚔️ 39.3% · 🌾 60.7%
Militia ×26 · Konnik ×13 · Skirmisher ×7 · Archer ×3 · Monk ×2 · Knight ×1
Feudal
14:34
Castle
23:10
Imperial
—
| APM avg | 44.4 |
| APM peak | 82 |
| eAPM avg | 25.0 |
| Villagers / military | 122 / 26 |
Focus
⚔️ 49.3% · 🌾 50.7%
Unknown (1974) ×53 · Unknown (1968) ×25 · Monk ×9 · Archer ×7 · Militia ×7 · Spearman ×3
Match map
Initial resources + every placement click. Lines = walls · curves = elevation contours. ◆ gold · ⬟ stone · ● berries · ✦ relic · ◌ wall gap
Your base· Open — opponent sealed themselves in
[GDL]CemenTox's base· ✓ Closed at 23:10 · 95t walls · 1 gate(s)
Smoothed initial terrain · ◌ = detected wall gap · hover for details
Inputs per minute
— thankyou9527 - - [GDL]CemenTox
Build order — thankyou9527
First 150 of 347 actions detected
| 0:00 | Create | Villager (Male) |
| 0:01 | Create | Villager (Male) |
| 0:01 | Create | Villager (Male) |
| 0:01 | Create | Villager (Male) |
| 0:02 | Build | House |
| 0:04 | Build | House |
| 1:07 | Build | House |
| 1:35 | Create | Villager (Male) |
| 1:35 | Create | Villager (Male) |
| 1:35 | Create | Villager (Male) |
| 2:03 | Create | Villager (Male) |
| 2:04 | Create | Villager (Male) |
| 2:18 | Build | Lumber Camp |
| 2:25 | Create | Villager (Male) |
| 2:25 | Create | Villager (Male) |
| 2:25 | Create | Villager (Male) |
| 2:26 | Create | Villager (Male) |
| 2:50 | Build | House |
| 3:06 | Create | Villager (Male) |
| 3:06 | Create | Villager (Male) |
| 3:06 | Create | Villager (Male) |
| 3:32 | Create | Villager (Male) |
| 3:36 | Create | Villager (Male) |
| 3:37 | Create | Villager (Male) |
| 4:30 | Create | Villager (Male) |
| 4:30 | Create | Villager (Male) |
| 4:47 | Build | Mill |
| 4:57 | Create | Villager (Male) |
| 4:57 | Create | Villager (Male) |
| 4:57 | Create | Villager (Male) |
| 4:58 | Create | Villager (Male) |
| 4:58 | Create | Villager (Male) |
| 5:08 | Create | Villager (Male) |
| 5:08 | Create | Villager (Male) |
| 5:09 | Create | Villager (Male) |
| 5:27 | Build | House |
| 5:45 | Create | Villager (Male) |
| 5:47 | Build | House |
| 5:52 | Build | Palisade Wall |
| 5:54 | Create | Villager (Male) |
| 6:09 | Create | Villager (Male) |
| 6:18 | Create | Villager (Male) |
| 6:18 | Create | Villager (Male) |
| 6:25 | Research | Loom |
| 6:25 | Research | Loom |
| 6:25 | Research | Loom |
| 7:29 | Research | Feudal Age |
| 7:29 | Research | Feudal Age |
| 7:29 | Research | Feudal Age |
| 8:13 | Build | Barracks |
| 8:32 | Create | Villager (Male) |
| 9:02 | Build | Palisade Wall |
| 9:04 | Build | Palisade Wall |
| 9:15 | Create | Militia |
| 9:15 | Create | Militia |
| 9:16 | Create | Militia |
| 9:39 | Age | Feudal Age |
| 9:52 | Create | Villager (Male) |
| 9:52 | Create | Villager (Male) |
| 9:56 | Create | Villager (Male) |
| 9:56 | Create | Villager (Male) |
| 10:07 | Create | Militia |
| 10:08 | Create | Militia |
| 10:16 | Build | Archery Range |
| 10:34 | Create | Villager (Male) |
| 10:34 | Create | Villager (Male) |
| 10:42 | Create | Villager (Male) |
| 11:12 | Create | Villager (Male) |
| 11:30 | Build | Mill |
| 11:34 | Build | Mill |
| 11:45 | Build | Mining Camp |
| 12:15 | Create | Villager (Male) |
| 12:16 | Create | Villager (Male) |
| 12:16 | Create | Villager (Male) |
| 12:16 | Create | Villager (Male) |
| 12:46 | Create | Villager (Male) |
| 12:46 | Create | Villager (Male) |
| 12:46 | Create | Villager (Male) |
| 12:49 | Build | Farm |
| 12:56 | Create | Villager (Male) |
| 12:56 | Create | Villager (Male) |
| 13:13 | Build | Farm |
| 13:28 | Create | Militia |
| 13:28 | Create | Militia |
| 13:34 | Build | Farm |
| 13:40 | Create | Villager (Male) |
| 13:40 | Create | Villager (Male) |
| 13:40 | Create | Villager (Male) |
| 13:42 | Build | Farm |
| 13:43 | Build | Farm |
| 13:58 | Create | Villager (Male) |
| 13:58 | Create | Villager (Male) |
| 14:15 | Create | Villager (Male) |
| 14:23 | Create | Archer |
| 14:23 | Create | Archer |
| 14:26 | Build | House |
| 14:34 | Build | House |
| 14:42 | Create | Villager (Male) |
| 14:42 | Create | Villager (Male) |
| 14:43 | Create | Villager (Male) |
| 14:43 | Create | Villager (Male) |
| 14:43 | Create | Villager (Male) |
| 14:47 | Research | Double-Bit Axe |
| 14:48 | Research | Double-Bit Axe |
| 14:57 | Build | Palisade Wall |
| 15:08 | Create | Villager (Male) |
| 15:14 | Create | Villager (Male) |
| 15:15 | Create | Villager (Male) |
| 15:15 | Create | Villager (Male) |
| 15:18 | Build | Mining Camp |
| 15:26 | Create | Skirmisher |
| 15:27 | Create | Skirmisher |
| 15:54 | Build | Watch Tower |
| 15:58 | Create | Villager (Male) |
| 15:58 | Create | Villager (Male) |
| 16:00 | Build | Farm |
| 16:03 | Create | Villager (Male) |
| 16:11 | Create | Archer |
| 16:25 | Create | Skirmisher |
| 16:44 | Create | Villager (Male) |
| 16:45 | Create | Villager (Male) |
| 16:45 | Create | Villager (Male) |
| 16:52 | Create | Villager (Male) |
| 16:52 | Create | Villager (Male) |
| 17:06 | Build | House |
| 17:07 | Build | Palisade Wall |
| 17:08 | Build | Palisade Wall |
| 17:09 | Build | Palisade Wall |
| 17:10 | Build | Palisade Wall |
| 17:11 | Create | Villager (Male) |
| 17:11 | Create | Villager (Male) |
| 17:12 | Create | Villager (Male) |
| 17:21 | Build | House |
| 17:28 | Create | Villager (Male) |
| 17:41 | Build | Farm |
| 17:41 | Build | Farm |
| 17:41 | Build | Farm |
| 17:47 | Build | Blacksmith |
| 18:03 | Create | Skirmisher |
| 18:12 | Create | Skirmisher |
| 18:23 | Build | Palisade Wall |
| 18:26 | Create | Villager (Male) |
| 18:27 | Create | Villager (Male) |
| 18:56 | Build | Watch Tower |
| 19:03 | Create | Villager (Male) |
| 19:04 | Create | Villager (Male) |
| 19:19 | Research | Fletching |
| 19:19 | Research | Fletching |
| 19:49 | Create | Villager (Male) |
| 19:50 | Create | Villager (Male) |
Build order — [GDL]CemenTox
First 150 of 387 actions detected
| 0:01 | Create | Villager (Male) |
| 0:01 | Create | Villager (Male) |
| 0:02 | Create | Villager (Male) |
| 0:03 | Build | House |
| 0:05 | Build | House |
| 0:18 | Create | Villager (Male) |
| 1:33 | Create | Villager (Male) |
| 2:04 | Create | Villager (Male) |
| 2:12 | Build | Barracks |
| 2:29 | Create | Villager (Male) |
| 2:29 | Create | Villager (Male) |
| 3:01 | Create | Villager (Male) |
| 3:06 | Build | House |
| 3:11 | Create | Militia |
| 3:25 | Create | Villager (Male) |
| 3:32 | Build | House |
| 3:34 | Build | Palisade Wall |
| 3:35 | Build | Palisade Wall |
| 3:47 | Create | Militia |
| 3:47 | Create | Militia |
| 3:59 | Create | Villager (Male) |
| 4:27 | Create | Villager (Male) |
| 4:46 | Create | Militia |
| 5:04 | Build | Lumber Camp |
| 5:05 | Create | Villager (Male) |
| 5:26 | Create | Villager (Male) |
| 5:53 | Create | Villager (Male) |
| 6:25 | Create | Villager (Male) |
| 6:32 | Build | House |
| 6:33 | Build | House |
| 6:35 | Create | Militia |
| 6:35 | Create | Militia |
| 6:35 | Create | Militia |
| 6:53 | Create | Villager (Male) |
| 7:19 | Create | Villager (Male) |
| 7:19 | Create | Villager (Male) |
| 7:31 | Build | Mill |
| 8:10 | Create | Villager (Male) |
| 8:10 | Create | Villager (Male) |
| 8:19 | Build | Mill |
| 9:11 | Create | Villager (Male) |
| 9:11 | Create | Villager (Male) |
| 9:17 | Build | Mining Camp |
| 9:51 | Build | Palisade Wall |
| 9:55 | Build | Palisade Wall |
| 10:00 | Create | Villager (Male) |
| 10:16 | Build | Palisade Wall |
| 10:21 | Build | Palisade Wall |
| 10:30 | Create | Villager (Male) |
| 10:35 | Build | Palisade Wall |
| 10:51 | Create | Villager (Male) |
| 11:10 | Build | Palisade Wall |
| 11:10 | Build | Palisade Wall |
| 11:11 | Build | Palisade Wall |
| 11:16 | Research | Loom |
| 11:16 | Research | Loom |
| 11:31 | Build | Farm |
| 11:45 | Build | Palisade Wall |
| 12:00 | Build | Palisade Wall |
| 12:04 | Build | Palisade Wall |
| 12:11 | Build | Palisade Wall |
| 12:15 | Build | Palisade Gate |
| 12:19 | Build | House |
| 12:23 | Build | Farm |
| 12:24 | Research | Feudal Age |
| 12:24 | Research | Feudal Age |
| 12:33 | Build | Palisade Wall |
| 12:35 | Build | Palisade Wall |
| 13:38 | Build | Farm |
| 13:39 | Build | Farm |
| 13:43 | Build | Farm |
| 13:53 | Build | Palisade Wall |
| 14:04 | Create | Villager (Male) |
| 14:04 | Create | Villager (Male) |
| 14:34 | Age | Feudal Age |
| 14:39 | Build | Archery Range |
| 15:01 | Build | Farm |
| 15:03 | Research | Double-Bit Axe |
| 15:06 | Create | Villager (Male) |
| 15:19 | Build | Farm |
| 15:29 | Create | Archer |
| 15:33 | Create | Villager (Male) |
| 15:33 | Create | Villager (Male) |
| 15:45 | Create | Archer |
| 15:45 | Create | Archer |
| 15:45 | Create | Archer |
| 15:54 | Research | Town Watch |
| 15:54 | Research | Town Watch |
| 15:58 | Build | House |
| 16:04 | Build | Farm |
| 16:04 | Build | Farm |
| 16:05 | Build | Farm |
| 16:05 | Build | Farm |
| 16:12 | Build | Blacksmith |
| 16:15 | Create | Villager (Male) |
| 16:15 | Create | Villager (Male) |
| 16:30 | Build | Farm |
| 16:32 | Create | Archer |
| 16:41 | Build | House |
| 16:59 | Create | Villager (Male) |
| 17:06 | Create | Archer |
| 17:06 | Create | Archer |
| 17:07 | Research | Fletching |
| 17:11 | Build | House |
| 17:26 | Build | Lumber Camp |
| 17:48 | Build | Stone Wall |
| 17:57 | Create | Villager (Male) |
| 17:57 | Create | Villager (Male) |
| 18:08 | Build | Stone Wall |
| 18:33 | Build | Watch Tower |
| 18:40 | Build | Watch Tower |
| 18:48 | Build | Farm |
| 18:48 | Build | Farm |
| 18:48 | Build | Farm |
| 18:49 | Build | Farm |
| 18:50 | Create | Villager (Male) |
| 18:50 | Create | Villager (Male) |
| 19:09 | Build | Farm |
| 19:09 | Build | Farm |
| 19:09 | Build | Farm |
| 19:09 | Build | Farm |
| 19:38 | Build | Farm |
| 19:38 | Build | Farm |
| 19:38 | Build | Farm |
| 19:39 | Build | Farm |
| 19:43 | Create | Villager (Male) |
| 20:30 | Research | Castle Age |
| 20:37 | Build | House |
| 20:41 | Build | Stone Wall |
| 20:45 | Build | Lumber Camp |
| 21:31 | Research | Scale Mail Armor |
| 21:54 | Build | Barracks |
| 22:04 | Research | Arson |
| 22:31 | Build | House |
| 22:50 | Create | Villager (Male) |
| 22:53 | Research | Forging |
| 22:53 | Research | Forging |
| 22:59 | Build | Barracks |
| 23:10 | Age | Castle Age |
| 23:13 | Create | Unit 1974 ×5 |
| 23:26 | Build | Farm |
| 23:32 | Create | Unit 1974 |
| 23:32 | Create | Unit 1974 |
| 23:32 | Create | Unit 1974 |
| 23:36 | Build | House |
| 23:37 | Build | House |
| 23:37 | Build | House |
| 23:37 | Build | House |
| 23:37 | Build | House |
| 23:43 | Create | Unit 1974 |
Match timeline
| 2:12 | [GDL]CemenTox · first_building Barracks |
| 3:34 | [GDL]CemenTox · wall_segment Palisade Wall x1 |
| 3:35 | [GDL]CemenTox · wall_segment Palisade Wall x1 |
| 5:52 | thankyou9527 · wall_segment Palisade Wall x6 |
| 8:13 | thankyou9527 · first_building Barracks |
| 9:02 | thankyou9527 · wall_segment Palisade Wall x1 |
| 9:04 | thankyou9527 · wall_segment Palisade Wall x1 |
| 9:39 | thankyou9527 · age_up feudal |
| 9:51 | [GDL]CemenTox · wall_segment Palisade Wall x7 |
| 9:55 | [GDL]CemenTox · wall_segment Palisade Wall x8 |
| 10:16 | [GDL]CemenTox · wall_segment Palisade Wall x13 |
| 10:16 | thankyou9527 · first_building Archery Range |
| 10:21 | [GDL]CemenTox · wall_segment Palisade Wall x13 |
| 10:35 | [GDL]CemenTox · wall_segment Palisade Wall x11 |
| 11:10 | [GDL]CemenTox · wall_segment Palisade Wall x1 |
| 11:10 | [GDL]CemenTox · wall_segment Palisade Wall x1 |
| 11:11 | [GDL]CemenTox · wall_segment Palisade Wall x1 |
| 11:45 | [GDL]CemenTox · wall_segment Palisade Wall x1 |
| 12:00 | [GDL]CemenTox · wall_segment Palisade Wall x14 |
| 12:04 | [GDL]CemenTox · wall_segment Palisade Wall x1 |
| 12:11 | [GDL]CemenTox · wall_segment Palisade Wall x8 |
| 12:33 | [GDL]CemenTox · wall_segment Palisade Wall x1 |
| 12:35 | [GDL]CemenTox · wall_segment Palisade Wall x1 |
| 13:53 | [GDL]CemenTox · wall_segment Palisade Wall x1 |
| 14:34 | [GDL]CemenTox · age_up feudal |
| 14:39 | [GDL]CemenTox · first_building Archery Range |
| 14:57 | thankyou9527 · wall_segment Palisade Wall x6 |
| 17:07 | thankyou9527 · wall_segment Palisade Wall x1 |
| 17:08 | thankyou9527 · wall_segment Palisade Wall x1 |
| 17:09 | thankyou9527 · wall_segment Palisade Wall x1 |
| 17:10 | thankyou9527 · wall_segment Palisade Wall x1 |
| 17:48 | [GDL]CemenTox · wall_segment Stone Wall x1 |
| 18:08 | [GDL]CemenTox · wall_segment Stone Wall x7 |
| 18:23 | thankyou9527 · wall_segment Palisade Wall x1 |
| 20:41 | [GDL]CemenTox · wall_segment Stone Wall x4 |
| 23:10 | [GDL]CemenTox · age_up castle |
| 25:44 | thankyou9527 · wall_segment Palisade Wall x1 |
| 26:03 | thankyou9527 · wall_segment Stone Wall x1 |
| 26:12 | thankyou9527 · first_building Stable |
| 26:43 | thankyou9527 · age_up castle |
| 28:11 | thankyou9527 · first_building Krepost |
| 28:21 | [GDL]CemenTox · first_market_buy 100 food |
| 28:41 | thankyou9527 · wall_segment Palisade Wall x13 |
| 28:51 | thankyou9527 · wall_segment Palisade Wall x11 |
| 29:23 | thankyou9527 · wall_segment Palisade Wall x1 |
| 29:25 | thankyou9527 · wall_segment Palisade Wall x1 |
| 29:27 | thankyou9527 · wall_segment Palisade Wall x1 |
| 30:51 | thankyou9527 · wall_segment Palisade Wall x3 |
| 31:22 | thankyou9527 · wall_segment Stone Wall x8 |
| 31:27 | thankyou9527 · wall_segment Stone Wall x1 |
| 32:25 | [GDL]CemenTox · first_building Monastery |
| 32:29 | thankyou9527 · wall_segment Palisade Wall x1 |
| 33:54 | thankyou9527 · first_market_buy 100 food |
| 34:28 | [GDL]CemenTox · wall_segment Stone Wall x1 |
| 35:46 | [GDL]CemenTox · wall_segment Stone Wall x1 |
| 37:10 | [GDL]CemenTox · first_market_sell 100 wood |
| 37:17 | [GDL]CemenTox · first_building Castle |
| 38:01 | thankyou9527 · wall_segment Stone Wall x1 |
| 38:27 | thankyou9527 · wall_segment Stone Wall x1 |
| 38:29 | thankyou9527 · wall_segment Stone Wall x1 |
| 38:37 | thankyou9527 · wall_segment Stone Wall x1 |
| 38:39 | thankyou9527 · wall_segment Stone Wall x1 |
| 41:13 | thankyou9527 · first_building Monastery |
| 42:21 | thankyou9527 · resign |
[ AI ANALYSIS · 1 CREDIT ]
What really happened in this match?
Wolo.gg analyzes every decision: build order, eco, micro, common mistakes by bracket. Personalized analysis on WhatsApp or Discord in 30 seconds.
Civ guide
Bulgarians
Perfil
Jugador #5757611